 Dungeon Crawl Stone Soup version 0.19-a0-1899-g2d93087 (webtiles) character file.

4520 MrRokkomies the Arsonist (level 9, -23/75 HPs)
             Began as a Demigod Fire Elementalist on Oct 20, 2016.
             Killed from afar by Psaro's ghost (25 damage)
             ... with an orb of energy
             ... on level 9 of the Dungeon.
             The game lasted 00:30:03 (11896 turns).

MrRokkomies the Arsonist (DgFE)                    Turns: 11896, Time: 00:30:04

Health: -23/75     AC:  8    Str: 18    XL:     9   Next: 96%
Magic:  15/20      EV: 12    Int: 21    God:
Gold:   162        SH:  0    Dex: 16    Spells: 6 memorised, 0 levels left

rFire  . . .     SeeInvis .     a - +4 spear (freeze)
rCold  + . .     Gourm    .     w - +0 ring mail
rNeg   . . .     Faith    .     (no shield)
rPois  .         Spirit   .     o - +0 helmet
rElec  .         Reflect  .     (no cloak)
rCorr  .         Harm     .     p - +0 pair of gloves
MR     .....                    z - +0 pair of boots {Stlth+}
Stlth  ++........               (no amulet)
                                s - +3 ring of strength
                                r - ring of protection from cold

@: no status effects
A: high mp 1
a: no special abilities


You were on level 9 of the Dungeon.
You were very hungry.

You visited 1 branch of the dungeon, and saw 9 of its levels.

You collected 403 gold pieces.
You spent 241 gold pieces at shops.

Inventory:

Hand Weapons
 a - a +4 spear of freezing (weapon)
 b - a +0 blowgun
 l - a +2 spear of venom
Missiles
 C - 35 poisoned needles
Armour
 h - a +1 pair of boots
 o - a +0 helmet (worn)
 p - a +0 pair of gloves (worn)
 w - a +0 ring mail (worn)
 z - a +0 pair of boots of stealth (worn)
Magical Staves
 j - an uncursed staff of poison
Jewellery
 r - a ring of protection from cold (left hand)
 s - a +3 ring of strength (right hand)
 v - an uncursed ring of flight
Wands
 n - a wand of random effects (10/48)
 y - a wand of acid (6/15)
Scrolls
 g - 8 scrolls of identify
 k - 2 scrolls of recharging
Potions
 d - 2 potions of resistance
 e - 2 potions of cure mutation
 q - 4 potions of brilliance
 t - 2 potions of haste
 u - a potion of lignification {unknown}
Books
 x - a book of Flames

   Spells                             Type                      Level
   a - Flame Tongue                   Conjuration/Fire             1
   b - Throw Flame                    Conjuration/Fire             2
   c - Conjure Flame                  Conjuration/Fire             3
   d - Inner Flame                    Hexes/Fire                   3
   e - Sticky Flame                   Conjuration/Fire             4
   f - Fireball                       Conjuration/Fire             5
Comestibles
 c - 5 bread rations
 f - 5 meat rations
 i - 3 beef jerkies
 m - 2 slices of pizza


   Skills:
 * Level 5.7 Fighting
 * Level 2.7 Dodging
 - Level 1.7 Stealth
 - Level 5.0 Spellcasting
 - Level 8.0 Conjurations
 - Level 8.1 Fire Magic


You couldn't memorise any spells.
You knew the following spells:

 Your Spells              Type           Power        Failure   Level  Hunger
a - Flame Tongue          Conj/Fire      #####        1%          1    None
b - Conjure Flame         Conj/Fire      #####...     2%          3    ##.....
c - Sticky Flame          Conj/Fire      #####...     10%         4    ####...
d - Fireball              Conj/Fire      #####.....   21%         5    #####..
e - Throw Flame           Conj/Fire      #####.       1%          2    None
f - Inner Flame           Hex/Fire       ###.....     14%         3    ##.....


Dungeon Overview and Level Annotations

Branches:
Dungeon (9/15)             Temple (0/1) D:4
   Lair: D:8-11         Orc: D:9-12

Shops:
D:8 [

Annotations:
D:9 Psaro's ghost, novice DECj


Innate Abilities, Weirdness & Mutations

You have an increased reservoir of magic. (+10% MP)


Message History

A fulminant prism comes into view.
Psaro's ghost shrieks, "You will join me soon!"
The fulminant prism crackles loudly.
The fulminant prism explodes!
The blast of energy engulfs the fulminant prism.
The fulminant prism explodes!
The blast of energy engulfs the yak. x2
The yak dies!
The blast of energy engulfs you!
* * * LOW HITPOINT WARNING * * *
You hear an angry hiss. x2
Psaro's ghost casts a spell at you. The orb of energy hits you!
* * * LOW HITPOINT WARNING * * *
The orb of energy explodes!
A wyvern comes into view.
The wyvern hisses angrily.
Psaro's ghost casts a spell at you. The orb of energy hits you!
You die...

#.........................
#...Y.....................
#....l....................
..........W#'####'#........
..........Y.#......#.....###
............# .....#.....#
...........# .... #.....#
..........# ... #.....#
...######@# #.....#
#..#...l'.# #.....# #.
#....#.# #.....# #....#.#
#.....# #.... #.# #.... #.#
#... #.. #### #..


You could see 2 yaks, a wyvern, an iguana and Psaro's ghost.

Vanquished Creatures
  The ghost of Psaro the Changer, a novice TrTm of Okawaru (D:7)
  Eustachio (D:5)
  A yak (D:9)
  Grum (D:9)
  2 soldier ants (D:9)
  The ghost of Eniamerus the Covert, an amateur SpAs (D:4)
  2 ice beasts
  A black bear (D:7)
  An ogre (D:8)
  A phantom (D:4)
  5 centaurs
  A wolf (D:9)
  A big kobold (D:8)
  7 bullfrogs
  A gnoll sergeant (D:5)
  A scorpion (D:4)
  4 wights (D:5)
  4 howler monkeys
  A centaur zombie (D:8)
  7 crimson imps
  A bullfrog zombie (D:5)
  3 hounds
  An orc priest (D:6)
  2 orc wizards (D:5)
  A centaur skeleton (D:5)
  2 bullfrog skeletons (D:7)
  2 iguanas
  10 worker ants
  2 killer bee zombies
  A hound zombie (D:4)
  2 hound skeletons
  10 gnolls
  10 adders
  A shadow imp (D:8)
  2 oozes
  An adder skeleton (D:9)
  6 worms
  6 dart slugs
  5 leopard geckos
  19 orcs
  8 bats
  4 giant cockroaches
  9 goblins
  8 hobgoblins
  A jackal (D:7)
  A quokka (D:4)
  A ball python (D:1)
  9 frilled lizards
  A jackal zombie (D:8)
  9 kobolds
  5 rats
187 creatures vanquished.

Vanquished Creatures (collateral kills)
  2 jackals (D:7)
2 creatures vanquished.

Vanquished Creatures (others)
  A yak (D:9)
  2 orc wizards
  3 fulminant prisms (D:9)
  4 plants (D:4)
10 creatures vanquished.

Grand Total: 199 creatures vanquished

Notes
Turn   | Place    | Note
-------+----------+-------------------------------------------
     0 | D:1      | MrRokkomies the Demigod Fire Elementalist began the quest for the Orb.
     0 | D:1      | Reached XP level 1. HP: 14/14 MP: 5/5
    77 | D:1      | Reached skill level 1 in Conjurations
   215 | D:1      | Reached XP level 2. HP: 20/20 MP: 1/7
   643 | D:1      | Reached XP level 3. HP: 18/26 MP: 8/8
  1080 | D:1      | Learned a level 3 spell: Conjure Flame
  1236 | D:2      | Found a bloodstained altar of Trog.
  1288 | D:2      | Reached XP level 4. HP: 22/33 MP: 1/9
  1592 | D:2      | Found a white marble altar of Elyvilon.
  1706 | D:2      | Found a sparkling altar of Nemelex Xobeh.
  1707 | D:2      | Found an opulent altar of Gozag.
  1915 | D:2      | Found a burning altar of Makhleb.
  1915 | D:2      | Noticed a blizzard demon
  2609 | D:3      | Found a sparkling altar of Nemelex Xobeh.
  2933 | D:4      | Reached XP level 5. HP: 30/38 MP: 7/10
  3137 | D:4      | Noticed Eniamerus's ghost (amateur SpAs)
  3138 | D:4      | Noticed an ice beast
  3198 | D:4      | Killed Eniamerus's ghost
  3206 | D:4      | HP: 1/38 [ice beast (6)]
  3209 | D:4      | Killed an ice beast
  3209 | D:4      | Reached skill level 5 in Fire Magic
  3209 | D:4      | Reached XP level 6. HP: 3/45 MP: 8/11
  3491 | D:4      | Found a staircase to the Ecumenical Temple.
  3807 | D:4      | Reached skill level 5 in Conjurations
  3826 | D:4      | Learned a level 4 spell: Sticky Flame
  4232 | D:4      | Reached XP level 7. HP: 19/50 MP: 6/12
  4671 | D:5      | Entered Level 5 of the Dungeon
  5108 | D:5      | Noticed Eustachio
  6222 | D:5      | Reached XP level 8. HP: 32/57 MP: 0/13
  6524 | D:5      | Killed Eustachio
  8300 | D:6      | Found a hide-covered altar of Uskayaw.
  8414 | D:6      | Reached skill level 1 in Fighting
  8712 | D:7      | Noticed Psaro's ghost (novice TrTm)
  8736 | D:7      | Killed Psaro's ghost
  8736 | D:7      | Reached XP level 9. HP: 19/69 MP: 1/17
  8743 | D:7      | Learned a level 5 spell: Fireball
  9140 | D:7      | Found a blossoming altar of Fedhas.
  9915 | D:8      | Found Gyjumu Ygha's Antique Armour Emporium.
  9918 | D:8      | Bought a pair of runed boots for 241 gold pieces
 10202 | D:8      | Learned a level 2 spell: Throw Flame
 10942 | D:8      | Found a shattered altar of Ashenzari.
 11021 | D:9      | Found a burning altar of Makhleb.
 11077 | D:9      | Noticed Grum
 11098 | D:9      | Reached skill level 5 in Fighting
 11104 | D:9      | Killed Grum
 11104 | D:9      | Reached skill level 5 in Spellcasting
 11158 | D:9      | Learned a level 3 spell: Inner Flame
 11886 | D:9      | Noticed Psaro's ghost (novice DECj)
 11895 | D:9      | HP: 1/75 [Psaro's ghost/orb of energy (19)]
 11896 | D:9      | Killed from afar by Psaro's ghost

Vault maps used:
D:1:      dpeg_arrival_round_c, patterned_corridor
D:2:      grunt_temple_overflow_opulence, overflow_temple_1_default,
          lemuel_round_altar, makhleb_altar_promises_db
D:3:      first_bread, nemelex_diamond_rough_becter
D:4:      minmay_lizard_king
D:5:      hangedman_decor_lopped, kennysheep_diamond, uniq_eustachio
D:6:      nicolae_overflow_hidden_temple
D:7:      overflow_temple_1_default
D:8:      overflow_temple_1_default, serial_shops, kennysheep_mini
D:9:      cheibrodos_two_vegetables, nicolae_overflow_crystal_walls,
          hangedman_pestilent_swarm, uniq_grum, uniq_psyche

Skill      XL: |  1  2  3  4  5  6  7  8  9 |
---------------+----------------------------+-----
Conjurations   | 1 2 3 4 5 6 8 |  8.0
Fire Magic     | 3 4 5 6 8 |  8.1
Fighting       | 3 5 |  5.7
Spellcasting   | 3 5 |  5.0
Dodging        | 2 |  2.7
Stealth        | |  1.7

Action                   |  1- 3 |  4- 6 |  7- 9 || total
-------------------------+-------+-------+-------++-------
Melee: Dagger            |    39 |    31 |       ||    70
       Rapier            |       |    46 |       ||    46
       Short sword       |       |    75 |     4 ||    79
       Spear             |       |       |   348 ||   348
       Quarterstaff      |       |       |     2 ||     2
Throw: Throwing net      |       |       |     1 ||     1
 Cast: Flame Tongue      |    59 |    66 |   114 ||   239
       Conjure Flame     |     1 |     3 |     7 ||    11
       Sticky Flame      |       |       |     8 ||     8
       Fireball          |       |       |     1 ||     1
Evoke: Wand              |       |       |     2 ||     2
  Use: Scroll            |     4 |     9 |     6 ||    19
       Potion            |       |     2 |     1 ||     3
 Stab: Sleeping          |     2 |     3 |     6 ||    11
       Distracted        |       |       |     1 ||     1
  Eat: Chunk             |     2 |    11 |    22 ||    35
       Meat ration       |       |       |     1 ||     1
Armor: Robe              |    10 |    41 |    34 ||    85
       Ring mail         |       |       |    81 ||    81
Dodge: Dodged            |    41 |   123 |   218 ||   382
